 Dungeon Crawl Stone Soup version 0.32-a0-876-gcfddb08e57 (webtiles) character file.

Game seed: 16574014439420424259

264 Lanoc the Slasher (level 6, -2/47 HPs)
             Began as a Coglin Gladiator on Apr 1, 2024.
             Slain by Duvessa
             ... wielding a +0 short sword
              (3 damage)
             ... on level 4 of the Dungeon.
             The game lasted 00:02:11 (2330 turns).

Lanoc the Slasher (Coglin Gladiator)                Turns: 2330, Time: 00:02:12

Health: -2/47      AC:  4    Str: 14    XL:     6   Next: 19%
Magic:  6/6        EV: 12    Int:  7    God:
Gold:   202        SH:  0    Dex: 18    Spells: 5/5 levels left

rFire   . . .        a - +0 long sword {Xiuying}
rCold   . . .        n - +0 scimitar {Yejun}
rNeg    . . .        b - +0 leather armour
rPois   .            c - +0 helmet
rElec   .            (no cloak)
rCorr   .            (no gloves)
SInv    .            (no boots)
Will    .....        (amulet unavailable)
Stlth   +            (ring unavailable)
HPRegen 0.27/turn    (ring unavailable)
MPRegen 0.10/turn    (no gizmo)

%: no passive effects
@: revved
A: off-hand wielding, slow wielding, warmup strikes, no jewellery
a: Invent Gizmo


You were on level 4 of the Dungeon.
You visited 1 branch of the dungeon, and saw 4 of its levels.

You collected 202 gold pieces.

Inventory:

Hand Weapons
 a - a +0 long sword (weapon) {Xiuying}
 n - a +0 scimitar (offhand) {Yejun}
Missiles
 d - 3 throwing nets (quivered)
 e - 6 javelins
 p - 5 darts of dispersal
 r - 6 atropa-tipped darts
Armour
 b - a +0 leather armour (worn)
 c - a +0 helmet (worn)
Wands
 q - a wand of digging (9)
 s - a wand of paralysis (9)
Scrolls
 g - 2 scrolls of vulnerability {unknown}
 h - a scroll of fear {unknown}
 i - 2 scrolls of identify {unknown}
 l - a scroll of enchant armour {unknown}
 o - a scroll of noise {unknown}
 t - a scroll of revelation {unknown}
Potions
 f - 2 potions of magic {unknown}
 j - a potion of heal wounds {unknown}
 k - 3 potions of berserk rage {unknown}
 m - a potion of invisibility {unknown}
 u - a potion of lignification {unknown}


   Skills:
 + Level 3.5 Fighting
 * Level 5.2 Long Blades
 - Level 1.7 Throwing
 + Level 3.8 Dodging


You had 5 spell levels left.
You didn't know any spells.
Your spell library contained the following spells:

 Spells                   Type           Power      Damage    Failure   Level
 Cigotuvi's Dreadful Rot  Necr/Alch/Air  0%         N/A       65%         2
 Ignite Poison            Fire/Alch      0%         N/A       99%         4
 Freezing Cloud           Conj/Ice/Air   0%         6-21      100%        5


Dungeon Overview and Level Annotations

Branches:
Dungeon (4/15)
 Temple: D:4-7

Altars:

Annotations:
D:4 Dowan, Duvessa


Innate Abilities, Weirdness & Mutations

You can wield a second weapon in your off-hand.
It takes a long time for you to wield or remove held weapons.
Your first few attacks do less damage.
You cannot equip rings or amulets.


Message History

Duvessa hits you with a +0 short sword.
You barely miss Duvessa with your +0 scimitar.
Duvessa is severely wounded.
You completely miss Duvessa with your +0 long sword.
Duvessa hits you with a +0 short sword!
You hit Duvessa but do no damage.
Duvessa is severely wounded.
You barely miss Duvessa with your +0 long sword.
Dowan says, "Magic and the sword, together, will defeat you."
Duvessa says, "When magic and the sword combine, nothing stands against them."
You hit Duvessa with your +0 long sword.
Duvessa is severely wounded.
You hit Duvessa with your +0 scimitar. Duvessa hits you with a +0 short sword!
Duvessa shouts, "You can run, but you cannot escape us forever!"
You slash Dowan with your +0 scimitar!
Dowan is severely wounded.
You hit Dowan but do no damage.
Dowan casts a spell at something.
You barely miss Dowan with your +0 long sword.
Dowan is severely wounded.
You hit Dowan with your +0 scimitar. Dowan casts a spell at you.
The puff of flame hits you!
* * * LOW HITPOINT WARNING * * *
You closely miss Dowan with your +0 long sword.
Dowan is almost dead.
You closely miss Dowan with your +0 scimitar.
You hit Dowan with your +0 scimitar.
Dowan is almost dead.
You barely miss Dowan with your +0 long sword.
Dowan hits you with a +0 dagger.
* * * LOW HITPOINT WARNING * * *
Duvessa hits you with a +0 short sword.
* * * LOW HITPOINT WARNING * * *
Dowan hits you but does no damage.
You hit Duvessa with your +0 scimitar.
Duvessa is almost dead.
You barely miss Duvessa with your +0 long sword.
Duvessa hits you with a +0 short sword.
You die...

..##.# # ..#.#
#.#.#.#
####### .$..#
#.....# #..#
#.....# #
#..### ......#
#. #....#
......#
#.#######e#
......#
#....#..@e#
.######
...#..### .#
#.#.## .#
#...# .# #.###
.### #.#
...###### #.#
.#......####.#
.#..###......#


You could see Duvessa (fast) and Dowan.

Vanquished Creatures
  Sigmund (D:3)
  An orc wizard (D:3)
  2 dart slugs
  2 ribbon worms (D:3)
  10 orcs (D:3)
  5 endoplasms
  2 giant cockroaches
  8 goblins
  7 hobgoblins
  2 kobolds
  2 quokkas (D:1)
  3 ball pythons
  6 bats
  3 frilled lizards
  4 rats
58 creatures vanquished.

Notes
Turn   | Place    | Note
-------+----------+-------------------------------------------
     0 | D:1      | Lanoc the Coglin Gladiator began the quest for the Orb.
     0 | D:1      | Reached XP level 1. HP: 16/16 MP: 1/1
   143 | D:1      | Reached XP level 2. HP: 22/22 MP: 2/2
   977 | D:2      | HP: 1/23 [rat (1)]
   978 | D:2      | Reached XP level 3. HP: 1/28 MP: 3/3
  1476 | D:3      | Reached XP level 4. HP: 19/34 MP: 4/4
  1523 | D:3      | Reached skill level 4 in Long Blades
  1643 | D:3      | Noticed Sigmund
  1653 | D:3      | Killed Sigmund
  1654 | D:3      | Reached skill level 5 in Long Blades
  1654 | D:3      | Reached XP level 5. HP: 39/41 MP: 5/5
  1654 | D:3      | Reached XP level 6. HP: 45/47 MP: 6/6
  2316 | D:4      | Noticed Duvessa
  2316 | D:4      | Noticed Dowan
  2329 | D:4      | HP: 1/47 [Duvessa/+0 short sword (6)]
  2330 | D:4      | Slain by Duvessa

Illustrated notes

Levels and vault maps discovered:
D:1:      evilmike_arrival_hilbert_curve, layout_rooms, st_stairs_5,
          grunt_decor_resistance
D:2:      layout_basic, chequers_serial_rivers_room_b
D:3:      layout_basic, guppyfry_early_orc_mine, uniq_sigmund
D:4:      layout_loops_cross, uniq_duvessa

Skill      XL: |  1  2  3  4 |
---------------+-------------+-----
Dodging        | 3 |  3.8
Long Blades    | 5 |  5.2
Fighting       | 3 |  3.5
Throwing       | |  1.7

Action                     |  1- 3 |  4- 6 || total
---------------------------+-------+-------++-------
  Melee: Long sword        |    80 |    37 ||   117
         Dagger            |    67 |     7 ||    74
         Scimitar          |       |    31 ||    31
   Stab: Sleeping          |       |     1 ||     1
 Armour: Leather armour    |    47 |    27 ||    74
  Dodge: Dodged            |    64 |    13 ||    77

Table legend: (Time is in decaauts)
 A = Elapsed time spent in this place.
 B = Non-inter-level travel time spent in this place.
 C = Inter-level travel time spent in this place.
 D = Time resting spent in this place.
 E = Time spent auto-exploring this place.
 F = Levels seen in this place.
 G = Mean time per level.
                   A        B        C        D        E       F      G
               +--------+--------+--------+--------+--------+-----+--------+
         Total |   2343 |   2231 |    112 |      0 |   1861 |   4 |  585.8 |
       Dungeon |   2343 |   2231 |    112 |      0 |   1861 |   4 |  585.8 |
               +--------+--------+--------+--------+--------+-----+--------+

Top non-repeatable levels by time:
     D:3: 676 daAuts
     D:2: 660 daAuts
     D:1: 597 daAuts
     D:4: 407 daAuts
